 Dungeon Crawl Stone Soup version 0.32-a0-933-ga8fa3634e4 (webtiles) character file.

Game seed: 13660295014644362739

233 Cancer the Chopper (level 5, -3/45 HPs)
             Began as a Minotaur Berserker on Apr 15, 2024.
             Was a Priest of Trog.
             Slain by a gnoll
             ... wielding a +0 whip
             ... led by a gnoll bouda
              (8 damage)
             ... on level 4 of the Dungeon.
             The game lasted 00:08:56 (2912 turns).

Cancer the Chopper (Minotaur Berserker)             Turns: 2912, Time: 00:08:57

Health: -3/45      AC:  5    Str: 23    XL:     5   Next: 75%
Magic:  4/4        EV: 10    Int:  4    God:    Trog [***...]
Gold:   203        SH:  0    Dex: 10    Spells: 4/4 levels left

rFire   . . .        a - +0 hand axe
rCold   . . .        (no shield)
rNeg    . . .        f - +0 ring mail
rPois   .            (helmet restricted)
rElec   .            (no cloak)
rCorr   .            (no gloves)
SInv    +            (no boots)
Will    .....        (no amulet) Stlth
                     h - +4 ring of slaying
HPRegen 0.27/turn    u - ring of see invisible
MPRegen 0.09/turn

%: no passive effects
@: no status effects
A: horns 2, retaliatory headbutt
a: Renounce Religion, Berserk, Trog's Hand


You were on level 4 of the Dungeon.
You worshipped Trog.
Trog was most pleased with you.
You visited 1 branch of the dungeon, and saw 4 of its levels.

You collected 203 gold pieces.

Inventory:

Hand Weapons
 a - a +0 hand axe (weapon)
 q - a +0 trident
 r - a +0 war axe
Armour
 b - a +0 animal skin
 f - a +0 ring mail (worn)
 l - a +0 kite shield
 s - a +0 scale mail
 v - a +0 buckler
Jewellery
 h - a +4 ring of slaying (left hand)
 u - a ring of see invisible (right hand)
Wands
 p - a wand of mindburst (14)
 x - a wand of flame (4)
Scrolls
 c - 3 scrolls of identify
 d - a scroll of fear {unknown}
 g - 2 scrolls of revelation
 i - a scroll of amnesia {unknown}
 k - a scroll of butterflies {unknown}
 n - a scroll of brand weapon {unknown}
 t - 2 scrolls of teleportation
 w - a scroll of fog {unknown}
Potions
 e - 2 potions of curing
 j - a potion of heal wounds {unknown}
 m - a potion of magic {unknown}
 o - a potion of brilliance {unknown}


   Skills:
 - Level 3.6 Fighting
 + Level 7.9 Axes
 - Level 2.4 Armour
 - Level 2.1 Dodging


You had 4 spell levels left.
You didn't know any spells.
Your spell library was empty.

Dungeon Overview and Level Annotations

Branches:
Dungeon (4/15)
 Temple: D:4-7

Altars:

Shops:
D:1 =   D:2 ?

Annotations:
D:3 2 runed translucent doors, gosagan's ghost, amateur MDRe


Innate Abilities, Weirdness & Mutations

You have a pair of horns on your head.
You reflexively headbutt those who attack you in melee.


Message History

You hit the gnoll. The gnoll hits you but does no damage.
The gnoll closely misses you. x2
The gnoll hits you with a +0 club.
You hit the gnoll.
The gnoll is moderately wounded.
You hit the gnoll. You headbutt the gnoll.
The gnoll is severely wounded.
The gnoll hits you but does no damage.
You slash the gnoll!
You kill the gnoll!
Trog accepts your kill.
You hit the gnoll but do no damage. You completely miss the gnoll.
The gnoll is heavily wounded.
You closely miss the gnoll. The gnoll hits you with a +0 whip.
You barely miss the gnoll. You hit the gnoll.
The gnoll hits you with a +0 whip. x2
You hit the gnoll bouda but do no damage.
You hit the gnoll. You closely miss the gnoll.
The gnoll bouda hits you with a +0 club!
* * * LOW HITPOINT WARNING * * *
The gnoll misses you. You furiously retaliate!
You headbutt the gnoll. The gnoll closely misses you.
You barely miss the gnoll.
You headbutt the gnoll, but do no damage.
The gnoll is moderately wounded.
You closely miss the gnoll.
You hit the gnoll bouda but do no damage.
The gnoll bouda hits you with a +0 club.
* * * LOW HITPOINT WARNING * * *
The gnoll hits you with a +0 whip.
* * * LOW HITPOINT WARNING * * *
The gnoll closely misses you.
You closely miss the gnoll.
The gnoll is moderately wounded.
You hit the gnoll bouda. You hit the gnoll.
You kill the gnoll!
Trog accepts your kill. The gnoll hits you with a +0 whip!
You die...

#........#
#######........#
#.....#........#
#.....#........#
#.....#........#
#.....#...(....#
#.....#..(.....#
#.....#g^......#
#....g'@.......#
#....)#g.......#
#....<.#....:...#
#......#........#
#>.....#........#
#......#........#
+......##########
##.....


You could see a gnoll bouda and 2 gnolls.

Vanquished Creatures
  Natasha (thrice) (D:3)
  4 gnolls
  5 adders
  A shadow imp (D:3)
  2 ribbon worms (D:2)
  A dart slug (D:2)
  4 orcs (D:3)
  2 endoplasms (D:1)
  4 giant cockroaches
  4 goblins
  9 hobgoblins
  5 quokkas (D:1)
  8 ball pythons
  10 bats
  5 frilled lizards
  2 kobolds (D:1)
  3 rats (D:2)
72 creatures vanquished.

Notes
Turn   | Place    | Note
-------+----------+-------------------------------------------
     0 | D:1      | Cancer the Minotaur Berserker began the quest for the Orb.
     0 | D:1      | Reached XP level 1. HP: 19/19 MP: 0/0
    40 | D:1      | Reached skill level 4 in Axes
   120 | D:1      | Reached XP level 2. HP: 26/26 MP: 1/1
   265 | D:1      | Found Nyulepar's Jewellery Emporium.
   323 | D:1      | Found a faded altar of an unknown god.
   337 | D:1      | Reached skill level 5 in Axes
   595 | D:1      | Reached XP level 3. HP: 30/31 MP: 2/2
  1108 | D:2      | Reached ** piety under Trog
  1204 | D:2      | Reached skill level 6 in Axes
  1204 | D:2      | Reached XP level 4. HP: 36/39 MP: 3/3
  1448 | D:2      | Found Axkitosa's Magic Scroll Shop.
  2008 | D:3      | Found a large runed translucent door.
  2013 | D:3      | Found a large runed translucent door.
  2015 | D:3      | Noticed gosagan's ghost (amateur MDRe)
  2383 | D:3      | Reached XP level 5. HP: 45/45 MP: 4/4
  2383 | D:3      | Noticed Natasha
  2389 | D:3      | Killed Natasha
  2390 | D:3      | Reached skill level 7 in Axes
  2458 | D:3      | Reached *** piety under Trog
  2683 | D:3      | Noticed Natasha
  2688 | D:3      | Killed Natasha
  2855 | D:3      | Noticed Natasha
  2862 | D:3      | Killed Natasha
  2912 | D:4      | Slain by a gnoll

Illustrated notes

Levels and vault maps discovered:
D:1:      dpeg_arrival_morbid_curiosity, layout_basic, serial_shops,
          nicolae_shop_peninsula, dreamdust_ecumenical_altar_statues,
          st_stairs_13, serial_park_tiny_pond
D:2:      layout_basic, serial_shops, shop
D:3:      layout_basic, ebering_ghost_disaster_area, minmay_misc_feat_x,
          uniq_natasha
D:4:      layout_gridville, makhleb_heckhound_becter, serial_bayou_lagoon_a

Skill      XL: |  1  2  3  4  5 |
---------------+----------------+-----
Axes           | 4 5 6 7 |  7.9
Fighting       | |  3.6
Armour         | |  2.4
Dodging        | |  2.1

Action                     |  1- 3 |  4- 6 || total
---------------------------+-------+-------++-------
  Melee: Hand axe          |    88 |    66 ||   154
         Headbutt          |     8 |     8 ||    16
    Use: Scroll            |       |     3 ||     3
 Armour: Animal skin       |    20 |       ||    20
         Ring mail         |    33 |    53 ||    86
  Dodge: Dodged            |    53 |    36 ||    89

Table legend: (Time is in decaauts)
 A = Elapsed time spent in this place.
 B = Non-inter-level travel time spent in this place.
 C = Inter-level travel time spent in this place.
 D = Time resting spent in this place.
 E = Time spent auto-exploring this place.
 F = Levels seen in this place.
 G = Mean time per level.
                   A        B        C        D        E       F      G
               +--------+--------+--------+--------+--------+-----+--------+
         Total |   2925 |   2753 |    172 |     73 |   1809 |   4 |  731.2 |
       Dungeon |   2925 |   2753 |    172 |     73 |   1809 |   4 |  731.2 |
               +--------+--------+--------+--------+--------+-----+--------+

Top non-repeatable levels by time:
     D:3: 1132 daAuts
     D:1: 989 daAuts
     D:2: 767 daAuts
     D:4: 37 daAuts
